 Dungeon Crawl Stone Soup version coffee-0.2.0 (webtiles) character file.

Game seed: 10472910822502967208, levelgen mode: deterministic

67 Dorkslayer the Conjurer (level 4, 0/28 HPs)
             Began as an Octopode Conjurer on Oct 9, 2020.
             Slain by a bat (1 damage)
             ... on level 2 of the Dungeon.
             The game lasted 00:04:19 (1255 turns).

Dorkslayer the Conjurer (Octopode Conjurer)         Turns: 1255, Time: 00:04:19

Health: 0/28       AC:  1    Str:  7    XL:     4   Next: 18%
Magic:  4/7        EV: 14    Int: 18    God:
Gold:   90         SH:  0    Dex: 12    Spells: 6/7 levels left

rFire    . . .     SeeInvis .   c - +1 demon whip (elec)
rCold    . . .     Gourm    .   (no shield)
rNeg     . . .     Faith    .   (helmet restricted)
rPois    .         Spirit   .   (no amulet)
rElec    .         Reflect  .   h - ring of stealth
rCorr    .         Harm     .   (no ring)
MR       .....                  (no ring)
Stlth    +++++.....             (no ring)
HPRegen  0.09/turn              (no ring)
MPRegen  0.10/turn              (no ring)
                                (no ring)
                                (no ring)

@: no status effects
A: almost no armour, stealthy swim, amphibious, 8 rings, constrict 8, camouflage
1, gelatinous body 1
a: no special abilities


You were on level 2 of the Dungeon.
You were not hungry.

You visited 1 branch of the dungeon, and saw 2 of its levels.

You collected 90 gold pieces.

Inventory:

Hand Weapons
 a - a +0 dagger
 c - a +1 demon whip of electrocution (weapon)
Missiles
 d - 10 poisoned darts (quivered)
Jewellery
 h - a ring of stealth (left tentacle)
Scrolls
 g - 2 scrolls of teleportation
 i - a scroll of enchant armour
Comestibles
 b - 4 rations
 f - 5 chunks of flesh


   Skills:
 + Level 1.1(3.0) Fighting
 + Level 1.4 Maces & Flails
 + Level 2.2(3.3) Dodging
 + Level 3.8(5.2) Stealth
 + Level 2.0(3.1) Spellcasting
 + Level 4.5 Conjurations


You had 6 spell levels left.
You knew the following spells:

 Your Spells              Type           Power        Failure   Level  Hunger
a - Magic Dart            Conj           ###.         2%          1    None

Your spell library contained the following spells:

 Spells                   Type           Power        Failure   Level  Hunger
 Searing Ray              Conj           ###...       3%          2    ##.....
 Dazzling Flash           Conj/Hex       ###...       11%         3    ###....
 Fulminant Prism          Conj/Hex       ###.......   36%         4    ####...
 Iskenderun's Mystic Bla  Conj/Tloc      ###.....     36%         4    ####...


Dungeon Overview and Level Annotations

Branches:
Dungeon (2/10)
 Temple: D:2

Altars:


Innate Abilities, Weirdness & Mutations

You cannot wear most types of armour.
You are very stealthy in the water. (Stealth+)
You are amphibious.
You can wear up to eight rings at the same time.
You can use your tentacles to constrict eight enemies at once.
Your skin changes colour to match your surroundings (Stealth+).
Your rubbery body absorbs attacks. (AC +1, EV +1)


Message History

You release your grip on the kobold.
The bat hits you but does no damage. The bat hits you.
* * * LOW HITPOINT WARNING * * *
The bat misses you. The bat hits you.
* * * LOW HITPOINT WARNING * * *
The bat hits you.
* * * LOW HITPOINT WARNING * * *
The bat closely misses you. The bat hits you but does no damage.
The bat barely misses you.
You closely miss the kobold. You grab the kobold.
The kobold is moderately wounded.
You constrict the kobold. The kobold hits you.
* * * LOW HITPOINT WARNING * * *
You whack the kobold!
You kill the kobold!
The bat hits you.
* * * LOW HITPOINT WARNING * * *
The bat hits you.
You die...

#.#..#.(# .# #
#.#....?##!b# #
#.#.....)?..# .#
#.##.w.....# .##
####..#.†######..#.
#.....##........##.
##.##....w.)..###..
#b#........###....
#@#.##....).......
#.#.>.....#.÷.....
#.#.#.....#.......
#.#...............
#.###.....##......
#.# #.............
#.# #....##.......
#.# #....##.......
#.# #............


You could see a bat.

Vanquished Creatures
  2 adders (D:2)
  An ooze (D:1)
  2 worms (D:2)
  2 dart slugs
  2 leopard geckos (D:1)
  2 giant cockroaches (D:1)
  A hobgoblin (D:1)
  6 kobolds
  8 bats
  2 frilled lizards (D:1)
  3 goblins
  4 rats
  A bush (D:1)
36 creatures vanquished.

Notes
Turn   | Place    | Note
-------+----------+-------------------------------------------
     0 | D:1      | Dorkslayer the Octopode Conjurer began the quest for the
                  | Orb.
     0 | D:1      | Reached XP level 1. HP: 11/11 MP: 3/3
   293 | D:1      | Reached XP level 2. HP: 17/17 MP: 0/5
   551 | D:1      | Reached XP level 3. HP: 21/22 MP: 6/6
  1055 | D:2      | Reached skill level 1 in Fighting
  1218 | D:2      | Reached skill level 1 in Maces & Flails
  1241 | D:2      | HP: 1/23 [kobold (2)]
  1243 | D:2      | Reached XP level 4. HP: 10/28 MP: 3/7
  1255 | D:2      | HP: 1/28 [bat (1)]
  1255 | D:2      | Slain by a bat

Levels and vault maps discovered:
D:1:      lightli_arrival_quake, layout_loops_ring, minmay_hedge_maze
D:2:      layout_basic, minmay_temple_entry_slanted,
          minmay_randomly_rotated_circles

Skill      XL: |  1  2  3 |
---------------+----------+-----
Stealth        | 3 |  3.8
Fighting       | 1 |  1.1
Maces & Flails | 1 |  1.4
Dodging        | |  2.2
Spellcasting   | |  2.0
Conjurations   | |  4.5

Action                   |  1- 3 |  4- 6 || total
-------------------------+-------+-------++-------
Melee: Demon whip        |    78 |     3 ||    81
       Dagger            |     2 |       ||     2
       Constrict         |    11 |     2 ||    13
       Tentacles         |     9 |     1 ||    10
 Cast: Magic Dart        |    20 |       ||    20
  Use: Potion            |     2 |       ||     2
 Stab: Sleeping          |     8 |       ||     8
  Eat: Chunk             |     1 |       ||     1
Armor: Skin              |    11 |     3 ||    14
Dodge: Dodged            |    42 |     5 ||    47
